 Dungeon Sprint DCSS version 0.30-a0-852-g08b95dd62f (webtiles) character file.

Game seed: 3162236985416989357

651 dialectric the Protected (level 7, -3/50 HPs)
             Began as a Gargoyle Fighter on Mar 4, 2023.
             Was an Initiate of Trog.
             Slain by a water moccasin (6 damage)
             ... in the Dungeon (Sprint II: "The Violet Keep of Menkaure").
             The game lasted 00:02:30 (337 turns).

dialectric the Protected (Gargoyle Fighter)          Turns: 337, Time: 00:02:31

Health: -3/50      AC: 13    Str: 20    XL:     7   Next: 53%
Magic:  7/7        EV: 12    Int:  8    God:    Trog [......]
Gold:   637        SH:  0    Dex: 11    Spells: 6/6 levels left

rFire   . . .      SeeInvis .    a - +0 long sword
rCold   . . .      Faith    .    (no shield)
rNeg    + . .      Spirit   .    b - +0 scale mail
rPois   ∞          Reflect  .    (no helmet)
rElec   +          Rampage  .    (no cloak)
rCorr   .          NoTele   +    (no gloves)
Will    .....                    (no boots) Stlth
                                 (no amulet)
HPRegen 0.28/turn                (no ring)
MPRegen 0.10/turn                (no ring)

@: no status effects
A: sickness immunity, AC +4, negative energy resistance 1, electricity
resistance, torment resistance 1, petrification resistance
a: Renounce Religion


You were in the Dungeon.
You worshipped Trog.
Trog was noncommittal.
You visited 1 branch You collected 637 gold pieces.

Inventory:

Hand Weapons
 a - a +0 long sword (weapon)
Missiles
 x - 3 poisoned darts (quivered)
Armour
 b - a +0 scale mail (worn)
 c - a +0 buckler
 n - a +0 pair of gloves
Jewellery
 w - a ring of ice
Scrolls
 l - 2 scrolls of poison {unknown}
 m - a scroll of fog {unknown}
 o - 3 scrolls of enchant armour {unknown}
 p - 2 scrolls of identify {unknown}
 q - 2 scrolls of immolation {unknown}
 t - a scroll of torment {unknown}
 u - a scroll of fear {unknown}
Potions
 d - a potion of curing
 e - 2 potions of attraction {unknown}
 f - 3 potions of flight {unknown}
 h - 5 potions of magic
 i - a potion of berserk rage
 j - 4 potions of resistance {unknown}
 k - a potion of degeneration {unknown}
 r - a potion of brilliance {unknown}
 s - a potion of might
 v - a potion of invisibility {unknown}
 z - a potion of mutation {unknown}


   Skills:
 + Level 8.9 Fighting
 * Level 8.3 Long Blades
 + Level 9.4 Armour
 - Level 6.0 Dodging
 - Level 3.2 Shields


You had 6 spell levels left.
You didn't know any spells.
Your spell library was empty.

Dungeon Overview and Level Annotations

Branches:
Dungeon (1/1)

Altars:
Cheibriados
Dithmenos
Elyvilon
Fedhas
Gozag
Hepliaklqana
Kikubaaqudgha
Makhleb
Nemelex Xobeh
Okawaru
Qazlal
Ru
Sif Muna
Trog
Uskayaw
Vehumet
Wu Jian
Xom
Yredelemnul
Zin
The Shining One
Jiyva
Lugonu

Shops:
D :!:?*([![=[:=![

Annotations:
D exclusion: oklob plant


Innate Abilities, Weirdness & Mutations

You are immune to sickness and miasma.
Your stone body is resilient. (AC +4)
You are immune to poison.
You resist negative energy. (rN+)
You are resistant to electric shocks. (rElec)
You are resistant to unholy torment.
You are immune to petrification.


Message History

Found four items.
Found three shops.
The cane toad gives a loud, deep croak!
Found a potion of might.
The cane toad croaks.
You feel yourself slow down.
A water moccasin is nearby!
There is an entrance to Heneec's Armour Shop here.
There's a creature in the doorway!
You closely miss the water moccasin.
The water moccasin bites you but does no damage.
You hit the water moccasin.
The water moccasin is lightly wounded.
The water moccasin bites you but does no damage.
The water moccasin barely misses you.
You hit the water moccasin but do no damage.
The water moccasin is lightly wounded.
The water moccasin bites you but does no damage.
You closely miss the water moccasin.
The water moccasin is lightly wounded.
The water moccasin barely misses you.
The water moccasin bites you but does no damage.
You slash the water moccasin!
The water moccasin is moderately wounded.
The water moccasin bites you.
* * * LOW HITPOINT WARNING * * *
You miss the water moccasin.
The water moccasin is moderately wounded.
The water moccasin closely misses you.
You hit the water moccasin but do no damage.
The water moccasin is moderately wounded.
The water moccasin misses you. The water moccasin bites you.
* * * LOW HITPOINT WARNING * * *
You closely miss the water moccasin.
The water moccasin is moderately wounded.
The water moccasin bites you.
* * * LOW HITPOINT WARNING * * *
You barely miss the water moccasin.
The water moccasin is moderately wounded.
The water moccasin bites you.
You die...

~## °≈S○°
###########~~#+++#+++##
##########~~~.....S...#
#∩.......#~~~~.##+##..#
#.∩.....∩#~~~~##.#.##.###
#∩.∩...∩.#~~~~#..#..#....
#.∩.∩.∩.∩#~~####...####..
#..∩.∩...#~##.###'###.##h
#...∩.∩.@#~#..###.##B..#.
#....⌠...S~'##.'.<.+# +.
#........#~#..###.##B..#.
▓▓▓▓▓▓▓###~##.# #+# #.##.
#!FG######~~###


l#l ##~~ #?$F# ##~~~ .# #.#~~~~ #∩P[+ +#~## ##~~~~ #[.! ~~ #~~~≈≈ ~~ ~~~~§§ You
could see a great orb of eyes, an oklob plant, 2 cane toads and a water
moccasin.

Vanquished Creatures
  Menkaure (D)
  2 water moccasins (D)
  4 necrophages (D)
  4 scorpions (D)
11 creatures vanquished.

Vanquished Creatures (others)
  8 tentacles (D)
8 creatures vanquished.

Grand Total: 19 creatures vanquished

Notes
Turn   | Place    | Note
-------+----------+-------------------------------------------
     0 | D        | dialectric the Gargoyle Fighter began the quest for the
                  | Orb.
     0 | D        | Reached XP level 1. HP: 14/14 MP: 1/1
     8 | D        | Noticed a scorpion
     8 | D        | Noticed a scorpion
    17 | D        | Killed a scorpion
    18 | D        | Reached skill level 5 in Fighting
    18 | D        | Reached skill level 5 in Armour
    18 | D        | Reached XP level 2. HP: 15/21 MP: 2/2
    18 | D        | Reached XP level 3. HP: 19/26 MP: 3/3
    18 | D        | Reached XP level 4. HP: 23/31 MP: 4/4
    24 | D        | Killed a scorpion
    25 | D        | Reached skill level 6 in Armour
    25 | D        | Reached XP level 5. HP: 28/36 MP: 5/5
    31 | D        | Reached skill level 7 in Armour
    36 | D        | Reached skill level 5 in Long Blades
    36 | D        | Reached XP level 6. HP: 32/44 MP: 6/6
    40 | D        | Noticed a boulder beetle
    40 | D        | Noticed a boulder beetle
    55 | D        | Reached skill level 8 in Armour
    55 | D        | Reached skill level 5 in Dodging
    71 | D        | Reached skill level 9 in Armour
    71 | D        | Reached XP level 7. HP: 24/50 MP: 7/7
    76 | D        | Noticed Menkaure
    82 | D        | Killed Menkaure
    99 | D        | Noticed a wyvern
    99 | D        | Noticed a wyvern
   121 | D        | Found a glowing silver altar of Zin.
   122 | D        | Found a glowing golden altar of the Shining One.
   122 | D        | Found a basalt altar of Yredelemnul.
   122 | D        | Found a hide-covered altar of Uskayaw.
   123 | D        | Found a shimmering altar of Xom.
   123 | D        | Found a bloodstained altar of Trog.
   124 | D        | Found an ornate altar of the Wu Jian Council.
   124 | D        | Found a shimmering blue altar of Sif Muna.
   124 | D        | Found a corrupted altar of Lugonu.
   124 | D        | Found a radiant altar of Vehumet.
   124 | D        | Found a burning altar of Makhleb.
   125 | D        | Found a sacrificial altar of Ru.
   125 | D        | Found an ancient bone altar of Kikubaaqudgha.
   125 | D        | Found a white marble altar of Elyvilon.
   126 | D        | Found a stormy altar of Qazlal.
   126 | D        | Found a viscous altar of Jiyva.
   126 | D        | Found a shadowy altar of Dithmenos.
   127 | D        | Found a hazy altar of Hepliaklqana.
   127 | D        | Found a snail-covered altar of Cheibriados.
   129 | D        | Found a sparkling altar of Nemelex Xobeh.
   129 | D        | Found a blossoming altar of Fedhas.
   130 | D        | Found an opulent altar of Gozag.
   130 | D        | Found an iron altar of Okawaru.
   134 | D        | Became a worshipper of Trog the Wrathful
   144 | D        | Noticed a kraken
   285 | D        | Noticed a yaktaur
   285 | D        | Noticed a hornet
   285 | D        | Noticed a polar bear
   285 | D        | Noticed a polar bear
   286 | D        | Noticed a polar bear
   315 | D        | Found Esac's Book Shop.
   315 | D        | Found Boatyry's Antique Armour Boutique.
   315 | D        | Found Liosev's Jewellery Boutique.
   315 | D        | Found Heneec's Armour Shop.
   315 | D        | Found Ponen's Armour Boutique.
   315 | D        | Found Quph's Distillery.
   315 | D        | Found Ubog's Jewellery Boutique.
   315 | D        | Found Ferrocuh's Distillery.
   316 | D        | Found Zedghosa's Antique Armour Shop.
   316 | D        | Found Diyhoreo's Antique Weapon Boutique.
   318 | D        | Found Vyuq's Assorted Antiques.
   318 | D        | Found Mankid's Magic Scroll Shop.
   318 | D        | Noticed a great orb of eyes
   318 | D        | Noticed an oklob plant
   319 | D        | Found Nyixzenn's Distillery.
   319 | D        | Found Xuowulyam's Book Boutique.
   319 | D        | Found Buateat's Book Shoppe.
   319 | D        | Noticed a cane toad
   319 | D        | Noticed a cane toad
   336 | D        | HP: 2/50 [water moccasin (2)]
   337 | D        | Slain by a water moccasin

Illustrated notes

Levels and vault maps discovered:
D:        the_violet_keep_of_menkaure [sprint2_stairs_cluster_1,
          sprint2_shoproom, sprint2_temple, sprint2_basic_supplies,
          sprint2_obstacle_3, sprint2_obstacle_4, sprint2_obstacle_5,
          sprint2_obstacle_2, sprint2_obstacle_7, sprint2_timed_cluster_1,
          sprint2_smallroom_cluster_1, sprint2_smallroom_final_cluster_1,
          sprint2_transparent_cluster_1, sprint2_second_timed_cluster_1,
          sprint2_sniper_area_1, sprint2_heavy_combat_area_1,
          sprint2_mutation_trap_area_1, sprint2_forest_area_1,
          sprint2_light_combat_area_1, sprint2_behind_water_1,
          sprint2_near_end_vault_1]

Skill      XL: |  1  2  3  4  5  6  7 |
---------------+----------------------+-----
Fighting       | 5 6 7 8 |  8.9
Long Blades    | 3 5 6 8 |  8.3
Armour         | 5 6 7 9 |  9.4
Dodging        | 2 3 4 6 |  6.0
Shields        | |  3.2

Action                     |  1- 3 |  4- 6 |  7- 9 || total
---------------------------+-------+-------+-------++-------
  Melee: Long sword        |     7 |    40 |    28 ||    75
         Punch             |       |     1 |       ||     1
    Use: Potion            |     2 |       |     2 ||     4
         Scroll            |       |       |     1 ||     1
 Armour: Scale mail        |     3 |    15 |    17 ||    35
  Dodge: Dodged            |     5 |    27 |    23 ||    55

Table legend: (Time is in decaauts)
 A = Elapsed time spent in this place.
 B = Non-inter-level travel time spent in this place.
 C = Inter-level travel time spent in this place.
 D = Time resting spent in this place.
 E = Time spent auto-exploring this place.
 F = Levels seen in this place.
 G = Mean time per level.
                   A        B        C        D        E       F      G
               +--------+--------+--------+--------+--------+-----+--------+
         Total |    338 |    338 |      0 |      0 |      2 |   1 |  338.0 |
       Dungeon |    338 |    338 |      0 |      0 |      2 |   1 |  338.0 |
               +--------+--------+--------+--------+--------+-----+--------+

Top non-repeatable levels by time:
       D: 338 daAuts
